 Dungeon Crawl Stone Soup version 0.30-a0-1053-gbd8d5ba0ad (webtiles) character file.

Game seed: 9384218807609656164

1558 BlueFish the Sneak (level 8, 0/81 HPs)
             Began as an Octopode Warper on Apr 11, 2023.
             Slain by an orc
             ... wielding a +0 dagger
              (2 damage)
             ... on level 6 of the Dungeon.
             The game lasted 00:10:56 (6159 turns).

BlueFish the Sneak (Octopode Warper)                Turns: 6159, Time: 00:10:57

Health: 0/81       AC: 16    Str: 12    XL:     8   Next: 88%
Magic:  0/14       EV:  2    Int: 15    God:
Gold:   42         SH:  0    Dex: 12    Spells: 2/15 levels left

rFire   + . .      SeeInvis .    o - +0 whip (venom)
rCold   . . .      Faith    .    (no shield)
rNeg    . . .      Spirit   +    e - melded +3 hat of Pondering {ponderous, Will+ MP+10 Int+5}
rPois   +          Reflect  .    x - amulet of guardian spirit
rElec   .          Rampage  .    f - ring of protection from fire
rCorr   .          NoTele   +    A - +5 ring of evasion
Will    .....                    (no ring)
Stlth   +++                      (no ring)
HPRegen 0.33/turn                (no ring)
MPRegen 0.14/turn                (no ring)
                                 (no ring)
                                 (no ring)

@: mighty, tree-form, corroded
A: stationary, stasis, torment immunity, boosted hp, almost no armour,
(amphibious), 8 rings, (camouflage 1), (gelatinous body 1), (nimble swimmer 1),
(tentacles)
a: no special abilities


You were on level 6 of the Dungeon.
You were a tree.
You visited 1 branch of the dungeon, and saw 6 of its levels.

You collected 229 gold pieces.
You spent 187 gold pieces at shops.

Inventory:

Hand Weapons
 o - a +0 whip of venom (weapon)
Missiles
 b - 7 boomerangs of dispersal
 m - 40 stones (quivered)
 s - a throwing net
Armour
 e - the +3 hat of Pondering (melded) {ponderous, Will+ MP+10 Int+5}
   (You acquired it on level 4 of the Dungeon)

   Int:       It affects your intelligence (+5).
   MP:        It affects your magic capacity (+10).
   Will:      It increases your willpower.
Jewellery
 f - a ring of protection from fire (left branch)
 x - an amulet of guardian spirit (around neck)
 A - a +5 ring of evasion (right branch)
Wands
 v - a wand of mindburst (13)
Scrolls
 a - a scroll of blinking
 h - 5 scrolls of teleportation
 i - a scroll of poison
 j - a scroll of brand weapon
 k - 2 scrolls of torment
 n - 3 scrolls of summoning
 r - 2 scrolls of noise
 t - a scroll of enchant weapon
 u - 2 scrolls of immolation
 w - a scroll of fear {unknown}
 y - a scroll of enchant armour {unknown}
 z - a scroll of amnesia {unknown}
Potions
 c - a potion of flight
 g - a potion of haste
 l - 2 potions of cancellation
 p - 3 potions of lignification
 q - a potion of attraction


   Skills:
 + Level 4.0 Fighting
 + Level 3.5 Throwing
 + Level 4.1 Dodging
 * Level 7.1 Stealth
 + Level 4.0 Unarmed Combat
 * Level 4.2 Spellcasting
 + Level 4.5 Translocations
 * Level 1.2 Transmutations
 * Level 1.2 Earth Magic
 + Level 2.0 Evocations


You had 2 spell levels left.
You knew the following spells:

 Your Spells              Type           Power      Damage    Failure   Level
a - Blink                 Tloc           32%        N/A       4%          2
b - Lesser Beckoning      Tloc           32%        N/A       4%          2
c - Teleport Other        Tloc           16%        N/A       9%          3
d - Statue Form           Tmut/Erth      4%         N/A       100%        6

Your spell library contained the following spells:

 Spells                   Type           Power      Damage    Failure   Level
 Apportation              Tloc           32%        N/A       2%          1
 Magic Dart               Conj           12%        1d3       19%         1
 Necrotise                Necr           12%        1d4       19%         1
 Summon Small Mammal      Summ           12%        N/A       19%         1
 Call Imp                 Summ           6%         N/A       26%         2
 Sublimation of Blood     Necr           3%         N/A       26%         2
 Vhi's Electric Charge    Tloc/Air       18%        N/A       22%         3
 Manifold Assault         Tloc           16%        N/A       26%         4
 Mephitic Cloud           Conj/Pois/Air  3%         N/A       47%         3
 Ozocubu's Armour         Ice            3%         N/A       47%         3
 Petrify                  Tmut/Erth      6%         N/A       71%         4
 Leda's Liquefaction      Hex/Erth       2%         N/A       80%         4
 Lee's Rapid Deconstruct  Erth           3%         3d5*      96%         5
 Irradiate                Conj/Tmut      2%         3d12      98%         5
 Ozocubu's Refrigeration  Ice            1%         4d7       100%        7


Dungeon Overview and Level Annotations

Branches:
Dungeon (6/15)
 Temple: D:4-7

Altars:
Vehumet
Wu Jian

Shops:
D:2 !   D:3 *   D:5 ?


Innate Abilities, Weirdness & Mutations

You are a tree.
Your roots penetrate the ground, keeping you stationary.
You cannot be teleported.
You are immune to unholy pain and torment.
Your maximum health is greatly increased.
You cannot wear most types of armour.
((You are amphibious.))
You can wear up to eight rings at the same time.
((Your skin changes colour to match your surroundings (Stealth+).))
((Your rubbery body absorbs attacks. (AC +1, EV +1)))
((You are camouflaged when in or above water. (Stealth+)))
((You have tentacles for arms and can constrict up to eight enemies at once.))


Message History

* * * LOW HITPOINT WARNING * * *
You feel very sick. The scorpion closely misses you.
The scorpion barely misses you.
Really quaff the potion of lignification?
You turn into a tree.
The +3 hat of Pondering {ponderous, Will+ MP+10 Int+5} melds into your body.
That put a bit of spring back into your step.
You feel your magic capacity decrease.
Your roots penetrate the ground.
You lose your grip on the scorpion.
You feel sick.
The scorpion stings you but does no damage.
You whack the orc!
You kill the orc!
You feel very sick.
The scorpion stings you but does no damage.
You whack the scorpion!
The scorpion is poisoned.
The scorpion is heavily wounded.
You feel sick.
The scorpion stings you but does no damage.
The scorpion stings you.
* * * LOW HITPOINT WARNING * * *
You closely miss the scorpion.
The scorpion is severely wounded.
* * * LOW HITPOINT WARNING * * *
You feel sick.
The scorpion stings you but does no damage.
You hit the scorpion.
You kill the scorpion!
You feel sick.
Your Evocations skill increases to level 2!
You hit the orc but do no damage. You punch the orc!
You kill the orc!
You feel sick.
You completely miss the orc.
You feel sick. The orc hits you but does no damage.
You hit the orc.
The orc is poisoned.
The orc is moderately wounded.
You feel sick.
You are no longer poisoned.
The orc hits you with a +0 dagger.
You die...

#............#
#............#
#..####.....#####
#######..####.....##...
#.......>.#............
#.o.......#............
.....[.o...#.....!......
####+##o####...##..##.##
#♣####...###+##.##
......)..#..............
.........#..............
.........+..............
.........#....<........<
..##....##.##..###....##
# #....### #..# #######
...... #... #...


You could see 2 orcs.

Vanquished Creatures
  Pikel (D:4)
  A water moccasin (D:6)
  An ice beast (D:4)
  3 phantoms
  A lemure (D:3)
  2 scorpions
  3 jellies
  3 hounds (D:5)
  A gnoll bouda (D:5)
  An orc priest (D:4)
  An iguana (D:4)
  Natasha (twice) (D:2)
  An orc wizard (D:5)
  5 gnolls (D:5)
  3 adders
  A white imp (D:5)
  2 worms
  2 dart slugs (D:4)
  22 orcs
  5 ball pythons
  8 bats
  2 endoplasms
  A giant cockroach (D:1)
  3 goblins
  2 hobgoblins
  7 kobolds
  A quokka (D:2)
  2 frilled lizards (D:1)
  5 rats
92 creatures vanquished.

Vanquished Creatures (others)
  21 plants (D:4)
21 creatures vanquished.

Grand Total: 113 creatures vanquished

Notes
Turn   | Place    | Note
-------+----------+-------------------------------------------
     0 | D:1      | BlueFish the Octopode Warper began the quest for the Orb.
     0 | D:1      | Reached XP level 1. HP: 14/14 MP: 3/3
   348 | D:1      | Reached skill level 1 in Stealth
   348 | D:1      | Reached XP level 2. HP: 18/19 MP: 5/5
   352 | D:1      | Learned a level 2 spell: Blink
   355 | D:1      | Learned a level 2 spell: Lesser Beckoning
  1182 | D:2      | Reached XP level 3. HP: 24/24 MP: 6/6
  1314 | D:2      | Found an ornate altar of the Wu Jian Council.
  1338 | D:2      | Found Ugyugrut's Distillery.
  1344 | D:2      | Noticed Natasha
  1351 | D:2      | Killed Natasha
  1352 | D:2      | Reached skill level 2 in Stealth
  1370 | D:2      | Bought a potion of heal wounds for 50 gold pieces
  1370 | D:2      | Bought a potion of curing for 30 gold pieces
  1370 | D:2      | Bought a potion of degeneration for 10 gold pieces
  1404 | D:2      | Reached XP level 4. HP: 30/30 MP: 7/7
  1410 | D:2      | Learned a level 3 spell: Teleport Other
  1748 | D:2      | Noticed Natasha
  1757 | D:2      | Killed Natasha
  2469 | D:3      | Found Doyfru Jise's General Store.
  2478 | D:3      | Bought a scroll of identify for 20 gold pieces
  2665 | D:4      | Noticed Pikel
  2665 | D:4      | Noticed a lemure
  2665 | D:4      | Noticed a lemure
  2665 | D:4      | Noticed a lemure
  2676 | D:3      | Killed a lemure
  2820 | D:4      | Noticed a lemure
  2831 | D:4      | Killed Pikel
  2832 | D:4      | Reached skill level 5 in Stealth
  2832 | D:4      | Reached XP level 5. HP: 8/36 MP: 6/9
  2832 | D:4      | Reached XP level 6. HP: 9/42 MP: 6/10
  2832 | D:4      | Reached XP level 7. HP: 10/46 MP: 6/11
  3648 | D:4      | Identified a scroll of acquirement
  3650 | D:4      | Acquired the +3 hat of Pondering {ponderous, Will+ MP+10
                  | Int+5}
  3650 | D:4      | Found the +3 hat of Pondering {ponderous, Will+ MP+10
                  | Int+5}
  3825 | D:4      | Reached skill level 6 in Stealth
  3825 | D:4      | Reached XP level 8. HP: 25/53 MP: 13/13
  3942 | D:4      | Found a radiant altar of Vehumet.
  4469 | D:5      | Entered Level 5 of the Dungeon
  4504 | D:5      | Reached skill level 1 in Evocations
  5116 | D:5      | Learned a level 6 spell: Statue Form
  5146 | D:5      | Found Buagazobu's Magic Scroll Shoppe.
  5154 | D:5      | Bought a scroll of teleportation for 33 gold pieces
  5154 | D:5      | Bought a scroll of identify for 22 gold pieces
  5154 | D:5      | Bought a scroll of identify for 22 gold pieces
  6132 | D:6      | Reached skill level 7 in Stealth
  6132 | D:6      | Reached skill level 1 in Transmutations
  6132 | D:6      | Reached skill level 1 in Earth Magic
  6155 | D:6      | HP: 4/81 [poisoned by a scorpion]
  6159 | D:6      | Slain by an orc

Illustrated notes

Levels and vault maps discovered:
D:1:      lightli_arrival_maybe_door_vault, layout_loops_corners
D:2:      layout_loops_ring, serial_shops, nicolae_shop_hallway_stairs,
          basic_altar, uniq_natasha
D:3:      layout_loops_ring, serial_rivers, chequers_serial_rivers_small_a,
          chequers_serial_rivers_micro_a, chequers_serial_rivers_micro_e,
          chequers_serial_rivers_micro_c, chequers_serial_rivers_micro_a,
          chequers_serial_rivers_room_a, serial_shops, nicolae_lakefront_shop,
          minmay_liquid_box
D:4:      layout_basic, vehumet_crystals, serial_bayou_lake_a, uniq_pikel
D:5:      layout_layer_cave, serial_shops, shop, kennysheep_cluttered_room
D:6:      layout_gridville, gammafunk_ghost_necromancy, chequers_mini_garden

Skill      XL: |  1  2  3  4  5  6  7  8 |
---------------+-------------------------+-----
Stealth        | 1 2 5 6 7 |  7.1
Fighting       | 3 4 |  4.0
Throwing       | 2 3 |  3.5
Dodging        | 3 4 |  4.1
Unarmed Combat | 3 4 |  4.0
Spellcasting   | 3 4 |  4.2
Translocations | 4 |  4.5
Evocations     | 2 |  2.0
Transmutations | 1 |  1.2
Earth Magic    | 1 |  1.2

Action                     |  1- 3 |  4- 6 |  7- 9 || total
---------------------------+-------+-------+-------++-------
  Melee: Unarmed           |    44 |       |       ||    44
         Constrict         |    18 |     8 |    39 ||    65
         Tentacles         |     7 |     7 |    56 ||    70
         Whip              |    15 |    31 |   192 ||   238
         Punch             |     1 |     1 |     5 ||     7
  Throw: Stone             |       |     1 |    17 ||    18
   Cast: Blink             |       |     1 |     6 ||     7
         Lesser Beckoning  |       |       |     9 ||     9
  Evoke: Wand              |       |     5 |    12 ||    17
    Use: Scroll            |       |     9 |     7 ||    16
         Potion            |       |       |     6 ||     6
   Stab: Sleeping          |     3 |     2 |     4 ||     9
 Armour: Skin              |     6 |     2 |    31 ||    39
  Dodge: Dodged            |    47 |    21 |   132 ||   200

Table legend: (Time is in decaauts)
 A = Elapsed time spent in this place.
 B = Non-inter-level travel time spent in this place.
 C = Inter-level travel time spent in this place.
 D = Time resting spent in this place.
 E = Time spent auto-exploring this place.
 F = Levels seen in this place.
 G = Mean time per level.
                   A        B        C        D        E       F      G
               +--------+--------+--------+--------+--------+-----+--------+
         Total |   6320 |   5941 |    379 |    156 |   4907 |   6 | 1053.3 |
       Dungeon |   6320 |   5941 |    379 |    156 |   4907 |   6 | 1053.3 |
               +--------+--------+--------+--------+--------+-----+--------+

Top non-repeatable levels by time:
     D:4: 1813 daAuts
     D:5: 1643 daAuts
     D:1: 1049 daAuts
     D:3: 935 daAuts
     D:2: 775 daAuts
     D:6: 102 daAuts
